[Event "Early-Titled-Tuesday-Blitz-August-29-2023"]
[Site "Chess.com"]
[Date "2023.08.29"]
[Round "8"]
[White "SpongeBob_03"]
[Black "queen_iryna"]
[Result "1/2-1/2"]
[WhiteElo "2189"]
[BlackElo "2337"]
[TimeControl "180+1"]
[EndTime "9:28:35 PDT"]
[Termination "Game drawn - insufficient material"]

1. e4 d6 2. d4 Nf6 3. Nc3 e5 4. dxe5 dxe5 5. Qxd8+ Kxd8 6. Bc4 Bb4 7. Bg5 Ke7 8. Ne2 Be6 9. Bxe6 Kxe6 10. O-O-O c6 11.
a3 Bc5 12. f3 Nbd7 13. Ng3 h6 14. Bxf6 Nxf6 15. Rd3 Rhd8 16. Rhd1 Rxd3 17. Rxd3 g6 18. Na4 Be7 19. Ne2 b5 20. Nac3 a5 21.
Kd2 b4 22. Na4 Rb8 23. Nc1 Nd7 24. Nb3 Rb5 25. c4 bxc3+ 26. Kxc3 f5 27. Kc4 fxe4 28. fxe4 Nf6 29. Nac5+ Bxc5 30. Nxc5+ Ke7 31. b4 axb4 32. axb4 Rb8 33. h3 Ra8 34. Re3 Ra1 35. Nb3 Ra2 36. g4 Rc2+ 37. Kd3 Rb2 38. Kc4 Rf2 39. Kc5 Rc2+ 40.
Kb6 Nd7+ 41. Kc7 Rc4 42. Na5 Rc1 43. Nxc6+ Ke6 44. b5 Nc5 45. b6 Na6+ 46. Kb7 Nc5+ 47. Kc8 Na6 48. Kb7 Nc5+ 49. Ka8 Nd7 50. b7 Ra1+ 51.
Na7 Nb6+ 52. Kb8 Nd7+ 53. Kc8 Rc1+ 54. Kd8 Rb1 55. Kc8 Rc1+ 56. Kd8 Rb1 57. Kc7 Rc1+ 58.
Nc6 Rc2 59. Rd3 Nb8 60. Rd6+ Kf7 61. Rxg6 Kxg6 62. Kxb8 Rxc6 63. Ka8 Ra6+ 64. Kb8 Kg5 65. Kc7 Ra7 66. Kb6 Rxb7+ 67. Kxb7 Kh4 68. Kc6 Kxh3 69.
Kd5 Kxg4 70. Kxe5 h5 71. Kd6 h4 72. e5 h3 73. e6 h2 74. e7 h1=Q 75. e8=Q Qd1+ 76. Kc7 Qc2+ 77. Kd8 Qd3+ 78. Qd7+ Qxd7+ 79. Kxd7 1/2-1/2

[Event "Early-Titled-Tuesday-Blitz-August-29-2023"]
[Site "Chess.com"]
[Date "2023.08.29"]
[Round "8"]
[White "Fh2411"]
[Black "rikchessmx"]
[Result "0-1"]
[WhiteElo "2629"]
[BlackElo "2466"]
[TimeControl "180+1"]
[EndTime "9:28:37 PDT"]
[Termination "rikchessmx won by resignation"]

1. d4 Nf6 2. Nf3 e6 3. Bf4 b6 4. e3 Bb7 5. Nbd2 Bd6 6. Bg3 Qe7 7. Bd3 Nc6 8. Nc4 Bxg3 9. hxg3 Nb4 10. Be2 h6 11. c3 Nc6 12. a4 a5 13. Qc2 d6 14.
Na3 e5 15. Nb5 e4 16. Nd2 d5 17. Qb3 O-O 18. g4 Rfd8 19. Nf1 Na7 20. Ng3 Nxb5 21. axb5 Bc8 22. Qd1 Qd7 23. Nf5 Qe8 24. Kd2 Bxf5 25. gxf5 c5 26. bxc6 Qxc6 27. f4 exf3 28. gxf3 Re8 29.
Bd3 b5 30. Qb3 b4 31. cxb4 a4 32. Qc3 Qb6 33. Qc5 Qb8 34. b5 Rc8 35. Qb4 Qg3 36. Be2 Re8 37. Rhe1 Qf2 38. Ra3 Rab8 39. Qxa4 Nd7 40.
Qb3 Nb6 41. Kd1 Nc4 42. Bxc4 dxc4 43. Qxc4 Qxf3+ 44. Qe2 Qxf5 45. Qc2 Qf3+ 46. Kc1 Rxb5 47. Rc3 Reb8 48. b3 Qd5 49. Kb2 Qb7 50. Ra1 g6 51.
Ra3 h5 52. e4 Rb4 53. d5 Qe7 54. Rc4 Qe5+ 55. Ka2 Rxc4 56. Qxc4 Qh2+ 57. Ka1 Qg1+ 58. Ka2 Qf2+ 59. Ka1 Qe1+ 60. Kb2 Qd2+ 61. Ka1 Qd1+ 62.
Kb2 Qd2+ 63. Kb1 Re8 64. Ra7 Qe1+ 65. Qc1 Rxe4 66. Qxe1 Rxe1+ 67. Kb2 Re5 68. Rd7 Kf8 69. Kc3 Ke8 70. Rd6 Ke7 71. Ra6 Rxd5 72. b4 h4 73. Kc4 Rd1 74. b5 h3 75. Ra2 g5 76. Rb2 g4 77. b6 Rd7 78. Kc5 g3 79. Rb3 g2 80.
Re3+ Kd8 81. Rxh3 g1=Q+ 0-1

[Event "Early-Titled-Tuesday-Blitz-August-29-2023"]
[Site "Chess.com"]
[Date "2023.08.29"]
[Round "8"]
[White "Bilan_Danila"]
[Black "alturas_pacificas"]
[Result "1/2-1/2"]
[WhiteElo "2501"]
[BlackElo "2393"]
[TimeControl "180+1"]
[EndTime "9:28:37 PDT"]
[Termination "Game drawn by repetition"]

1. d4 d5 2. Nf3 Nf6 3. c4 c6 4. Nc3 e6 5. Bg5 dxc4 6. e4 b5 7. e5 h6 8. Bh4 g5 9. Nxg5 Nd5 10. Nxf7 Qxh4 11. Nxh8 Bb4 12. Rc1 Qe4+ 13. Be2 Nf4 14. f3 Qh7 15. O-O Bxc3 16. Rxc3 Qxh8 17. b3 Qg7 18. g3 cxb3 19. Rxb3 Nd7 20. Kh1 Nxe2 21.
Qxe2 Nb6 22. f4 Bd7 23. f5 O-O-O 24. f6 Qf7 25. Rc1 Kb7 26. Qe4 a6 27. Kg1 h5 28.
Rbc3 Nd5 29. R3c2 Rg8 30. Rg2 Qf8 31. Qe1 Rg4 32. h3 Rxd4 33. Qf2 Rd3 34. Re1 Qa3 35. Kh2 h4 36. Reg1 Be8 37. f7 hxg3+ 38. Rxg3 Bxf7 39. Qxf7+ Kb6 40. Rxd3 Qxd3 41. Qxe6 Nf4 42. Qg4 Qd2+ 43. Rg2 Nxg2 44. Qxg2 Qf4+ 45. Qg3 Qd2+ 46. Kg1 c5 47. h4 Qd1+ 48. Kg2 c4 49. Qf2+ Ka5 50. e6 Qg4+ 51. Qg3 Qxe6 52. Qc3+ Kb6 53. Kg3 Qd6+ 54. Kg4 Qe6+ 55.
Kg5 Qe7+ 56. Kh5 Qc5+ 57. Kg6 b4 58. Qf6+ Qc6 59. h5 c3 60. h6 c2 61. Qxc6+ Kxc6 62. h7 Kb5 63. h8=Q c1=Q 64. Qb8+ Ka4 65. Qe8+ Ka3 66. Qe3+ Kb2 67. Qd4+ Kb1 68. Qxb4+ Kxa2 69. Qa5+ Qa3 70. Qd2+ Kb3 71. Qd3+ Kb4 72. Qd6+ Kb3 73. Qd3+ Ka2 74. Qc4+ Kb1 75. Qf1+ Kc2 76. Qe2+ Kb1 77. Qf1+ Kb2 78. Qe2+ Kb3 79. Qd3+ 1/2-1/2

[Event "Early-Titled-Tuesday-Blitz-August-29-2023"]
[Site "Chess.com"]
[Date "2023.08.29"]
[Round "8"]
[White "Chessdreamer2020"]
[Black "jasrom"]
[Result "0-1"]
[WhiteElo "2549"]
[BlackElo "2412"]
[TimeControl "180+1"]
[EndTime "9:28:40 PDT"]
[Termination "jasrom won by checkmate"]

1. e4 e6 2. b3 c5 3. Nf3 Nc6 4. Bb5 Qc7 5. Bb2 Nf6 6. e5 Nd5 7. O-O a6 8. Bc4 Be7 9. Re1 b5 10. Bxd5 exd5 11. d4 O-O 12. dxc5 Bxc5 13. Nc3 Qa7 14.
Re2 Nd4 15. Nxd4 Bxd4 16. Rd2 Bxc3 17. Bxc3 Bb7 18. Bd4 Qb8 19. Rd3 Re8 20. Qh5 Re6 21. Rg3 Rg6 22. Re1 Qe8 23. Ree3 Rc8 24. c3 Qe6 25. b4 Re8 26. f4 Rh6 27. Qg5 Rg6 28.
Qh5 Rh6 29. Qd1 Qf5 30. Ref3 Rg6 31. Rxg6 hxg6 32. Rf2 Bc6 33. h3 Qe4 34. Kh2 Qf5 35. Qe2 Qe4 36. Qg4 Qf5 37. Qh4 Qe4 38. Rf3 Qf5 39. Rg3 Qe4 40. Qg4 Qf5 41. Qd1 Qe4 42.
Qd2 Qf5 43. Qf2 Qe4 44. a3 Qf5 45. Re3 Qe6 46. g4 d6 47. exd6 Qxd6 48. Be5 Qd7 49. Bd4 Re4 50. Kg3 Qd6 51. Be5 Qe6 52. Qd2 f6 53.
Bd4 Qd6 54. Qf2 Qe6 55. h4 Qd6 56. Qf1 Kf7 57. Qf2 Qe6 58. Bc5 Bd7 59. Bd4 Qxg4+ 60. Kh2 Rxe3 61. Bxe3 Bf5 62. Bd2 Be4 63. Qa7+ Kg8 64.
Qf2 Kh7 65. Be1 Kh6 66. Qg3 Kh5 67. Qf2 Qf5 68. Qe2+ Qg4 69. Qf2 Qf3 70. Qg3 Qh1# 0-1

[Event "Early-Titled-Tuesday-Blitz-August-29-2023"]
[Site "Chess.com"]
[Date "2023.08.29"]
[Round "8"]
[White "valemava"]
[Black "JoliyRoger"]
[Result "0-1"]
[WhiteElo "2317"]
[BlackElo "2491"]
[TimeControl "180+1"]
[EndTime "9:28:46 PDT"]
[Termination "JoliyRoger won by checkmate"]

1. Nf3 Nf6 2. b4 d5 3. Bb2 c6 4. g3 Bg4 5. Bg2 e6 6. a3 Nbd7 7. O-O a5 8. c3 Bd6 9. d3 O-O 10. Nbd2 Qe7 11. h3 Bh5 12. Re1 c5 13. Qc2 Rfc8 14. b5 Nb6 15. a4 Bg6 16. Nh4 Bh5 17. e4 dxe4 18. dxe4 Nfd7 19. f4 Bxf4 20. gxf4 Qxh4 21.
Rf1 c4 22. Rae1 Nc5 23. Bc1 Ncxa4 24. e5 Bg6 25. Ne4 Nc5 26. Be3 Nxe4 27. Bxe4 Nd5 28. Bxg6 hxg6 29. Qg2 a4 30. f5 Nxe3 31. Rxe3 gxf5 32.
Rg3 Qh6 33. Qxb7 a3 34. Ra1 a2 35. Qg2 Ra5 36. b6 Rb5 37. Rxa2 Rxb6 38. Kh2 Rcb8 39. Ra8 g6 40. Rxb8+ Rxb8 41. Qe2 Qf4 42. Kg2 Rd8 43. Rf3 Qc1 44. Rf1 Qxc3 45. Rf2 Rd3 46. Kf1 Re3 47.
Qb2 Qe1+ 48. Kg2 Rxe5 49. Qb8+ Kg7 50. Qb2 c3 51. Qc2 Qe3 52. h4 f4 53. Rf3 Qe2+ 54. Rf2 Qxc2 55. Rxc2 Re3 56. Kf2 e5 57.
Rc1 Kf6 58. Ra1 Kf5 59. Ra6 f6 60. Rb6 Rh3 61. Rc6 c2 62. Kg2 Rxh4 63. Rxc2 Rg4+ 64. Kh2 Rg3 65. Rc8 Re3 66. Rc5 g5 67. Kg2 g4 68.
Kf2 Ra3 69. Rc1 g3+ 70. Kg2 Kg4 71. Kg1 Ra2 72. Kh1 f5 73. Kg1 e4 74. Kh1 e3 75.
Kg1 Rd2 76. Kh1 e2 77. Rg1 Rd1 78. Kg2 f3+ 79. Kh1 Rxg1+ 80. Kxg1 e1=Q# 0-1

[Event "Early-Titled-Tuesday-Blitz-August-29-2023"]
[Site "Chess.com"]
[Date "2023.08.29"]
[Round "8"]
[White "fastestmindalive"]
[Black "BlueWizzard"]
[Result "0-1"]
[WhiteElo "2731"]
[BlackElo "2904"]
[TimeControl "180+1"]
[EndTime "9:29:07 PDT"]
[Termination "BlueWizzard won by resignation"]

1. e4 e6 2. d4 d5 3. Nc3 Nf6 4. Bg5 dxe4 5. Nxe4 Nbd7 6. Nxf6+ Nxf6 7. Nf3 c5 8. dxc5 Qa5+ 9. c3 Qxc5 10. Bd3 Bd7 11. O-O Qc7 12. Qe2 Be7 13. Ne5 O-O 14. Nxd7 Qxd7 15.
Rfd1 Qc7 16. Qf3 Rfd8 17. Qg3 Qxg3 18. hxg3 Nd5 19. Bxe7 Nxe7 20. Be4 Kf8 21. Bxb7 Rxd1+ 22. Rxd1 Rb8 23. Bf3 Ng6 24. b4 Ne5 25. Rd6 Rc8 26. Ra6 Rxc3 27. Rxa7 Rc1+ 28. Kh2 Rb1 29. Rb7 Ra1 30.
Ra7 Rb1 31. a3 g5 32. g4 Rb3 33. Ra5 Nxf3+ 34. gxf3 Rxf3 35. Kg2 Rb3 36. b5 Ke7 37. a4 Kd6 38. Ra7 Rb4 39. f3 f5 40.
gxf5 exf5 41. Rxh7 Ke5 42. Rc7 Kf4 43. Rc2 Ke3 44. Ra2 Kf4 45. a5 Rxb5 46. a6 Rb8 47. a7 Ra8 48. Ra5 g4 49. Ra4+ Kg5 50. f4+ Kf6 51. Kg3 Ke6 52. Ra3 Kd5 53. Kh4 Ke4 54. Kg3 Kd4 55. Ra4+ Kd5 56. Kh4 Ke6 57. Ra5 Kf6 58. Kg3 Ke6 59. Ra3 Kd5 60. Ra4 Ke6 61.
Ra5 Kf6 62. Ra6+ Kf7 63. Kh4 Ke7 64. Ra3 Kf6 65. Ra6+ Kf7 66. Kg5 g3 67. Kxf5 g2 68. Ra1 g1=Q 69. Rxg1 Rxa7 70. Kg5 Ra8 71. Rb1 Ra7 72.
Rh1 Kg7 73. f5 Ra5 74. Rb1 Ra7 75. Rb6 Rc7 76. Rg6+ Kf7 77. Rh6 Rc1 78. Rh7+ Kg8 79. Re7 Rc6 80. Rb7 Kf8 81. Kf4 Ra6 82. Ke5 Rc6 83. Rb8+ Kf7 84. Rb7+ Kf8 85. Ra7 Rb6 86. Kd5 Rb1 87. Rd7 Re1 88. Kd4 Rd1+ 89. Ke5 Rxd7 90. Kf6 Rf7+ 91. Kg6 Rb7 92. f6 Rb6 0-1

[Event "Early-Titled-Tuesday-Blitz-August-29-2023"]
[Site "Chess.com"]
[Date "2023.08.29"]
[Round "8"]
[White "AlexandraSamaganova"]
[Black "The_Princess_Moon"]
[Result "0-1"]
[WhiteElo "2332"]
[BlackElo "2201"]
[TimeControl "180+1"]
[EndTime "9:29:07 PDT"]
[Termination "The_Princess_Moon won by checkmate"]

1. c4 c5 2. Nc3 Nc6 3. g3 d6 4. Bg2 Nf6 5. e3 g6 6. Nge2 Bg7 7. O-O O-O 8. h3 e6 9. d4 cxd4 10. exd4 d5 11. c5 b6 12. cxb6 axb6 13. Bf4 Ba6 14. Re1 Bxe2 15. Rxe2 Na5 16. b3 Rc8 17. Rc1 Nc6 18. Nb5 Qd7 19. Rec2 Qd8 20. Rxc6 Rxc6 21. Rxc6 Qa8 22. Rc2 Qa5 23. a4 Qb4 24. Rc6 Ne4 25.
Rxb6 Rc8 26. Rb8 Rxb8 27. Bxb8 Bh6 28. Bxe4 dxe4 29. Bd6 Qa5 30. Bf4 Bf8 31. Bd2 Qb6 32.
Be3 Qb7 33. Qc2 e5 34. dxe5 Qd7 35. Qd2 Qxh3 36. Qd4 h5 37. Qxe4 Qe6 38. Nd4 Qa6 39. Qd5 Qd3 40. e6 h4 41. exf7+ Kh7 42. Qf3 h3 43.
Qe2 Qb1+ 44. Qf1 h2+ 45. Kg2 Qxf1+ 46. Kxf1 h1=Q+ 47. Ke2 Qd5 48. Kd3 Bg7 49. b4 Qxf7 50.
b5 Bxd4 51. Bxd4 Qb3+ 52. Ke4 Qxa4 53. b6 Qc6+ 54. Kd3 Kh6 55. g4 Kg5 56. Be3+ Kxg4 57.
Ke2 Qf3+ 58. Kd3 Kf5 59. Kd4 Qe4+ 60. Kc5 Qb7 61. Kb5 Ke4 62. Kc5 Qd5+ 63. Kb4 Kd3 64. Ka4 Qc4+ 65. Ka5 Qd5+ 66. Ka6 Qa8+ 67. Kb5 Qb7 68.
Kc5 Ke4 69. Kd6 g5 70. Bxg5 Qd5+ 71. Kc7 Qxg5 72. b7 Qe5+ 73. Kc8 Qe8+ 74. Kc7 Qe7+ 75. Kc8 Qe6+ 76. Kc7 Qc4+ 77. Kd8 Qd5+ 78. Kc7 Qc5+ 79.
Kd8 Qb6+ 80. Kc8 Qc6+ 81. Kb8 Kd5 82. Ka7 Qa4+ 83. Kb6 Qb4+ 84. Kc7 Qc5+ 85. Kd8 Qb6+ 86. Kc8 Qc6+ 87. Kb8 Kc5 88. Ka7 Qb6+ 89. Ka8 Qa6+ 90. Kb8 Kc6 91. Kc8 Qxb7+ 92. Kd8 Qd7# 0-1

[Event "Early-Titled-Tuesday-Blitz-August-29-2023"]
[Site "Chess.com"]
[Date "2023.08.29"]
[Round "8"]
[White "benny_aizenberg"]
[Black "only_strong_moves"]
[Result "1-0"]
[WhiteElo "2662"]
[BlackElo "2523"]
[TimeControl "180+1"]
[EndTime "9:29:22 PDT"]
[Termination "benny_aizenberg won by resignation"]

1. Nc3 Nf6 2. d4 d5 3. Bf4 c5 4. e3 cxd4 5. exd4 a6 6. Bd3 Nc6 7. Nge2 Bg4 8. f3 Bh5 9. h4 Bg6 10. g4 Bxd3 11. Qxd3 e6 12. Ng3 Bd6 13. Bxd6 Qxd6 14.
Kf2 O-O-O 15. a3 Qf4 16. Nce2 Nxg4+ 17. Ke1 Qc7 18. fxg4 e5 19. dxe5 Nxe5 20. Qc3 Qxc3+ 21. Nxc3 d4 22. Nce2 Nxg4 23. Kd2 g6 24. Raf1 f5 25. Rf4 Ne5 26. h5 d3 27. cxd3 Rxd3+ 28. Kc2 Kb8 29.
hxg6 Rc8+ 30. Kb1 hxg6 31. Re1 Nc4 32. Nf1 Rb3 33. Ka1 Nxb2 34. Nd4 Rb6 35. Rb1 Nc4 36. Rxb6 Nxb6 37. Rf3 Nc4 38. Ne2 Rd8 39. Nf4 Rd6 40.
Ka2 g5 41. Nh5 f4 42. Kb3 Ne5 43. Rc3 Rd1 44. Nh2 Rh1 45. Rc2 f3 46. Ng3 Rg1 47. Ne4 g4 48. Ng5 Rg2 49. Kc3 g3 50. Nhxf3 Rxc2+ 51. Kxc2 Nc4 52. Kb3 Ne3 53. Nh3 Ng4 54. Nhg1 g2 55.
a4 Ne3 56. a5 Kc7 57. Kb4 Kc6 58. Nd4+ Kd5 59. Nde2 Nc2+ 60. Kc3 Ne1 61. Kd2 Kc4 62.
Kxe1 Kb5 63. Kf2 Kxa5 64. Kxg2 Kb4 65. Kf3 a5 66. Ke3 a4 67. Kd2 a3 68. Kc2 a2 69.
Kb2 b5 70. Kxa2 Kc4 71. Nc1 b4 72. Nb3 Kd5 73. Ne2 Ke6 74. Kb2 Kf7 75. Kc2 Kg8 76. Kd3 Kf8 77. Ke4 Kg8 78. Ke5 Kf8 79. Ke6 Ke8 80. Nf4 Kd8 81. Nd5 Kc8 82. Ke7 Kb7 83.
Kd7 Ka6 84. Kc6 Ka7 85. Nb6 Kb8 86. Nd5 Kc8 87. Nc7 Kd8 88. Kd6 Kc8 89. Ne6 Kb7 90. Kc5 Kc8 91. Kc6 Kb8 92. Nec5 Kc8 93. Nb7 Kb8 94. Nd6 Ka7 95. Kb5 Kb8 96. Kb6 Ka8 97. Nb5 Kb8 98. Nd6 Ka8 99. Kc7 Ka7 100. Nc5 b3 101. Nb5+ Ka8 102. Nd7 1-0

[Event "Early-Titled-Tuesday-Blitz-August-29-2023"]
[Site "Chess.com"]
[Date "2023.08.29"]
[Round "8"]
[White "Mmukka"]
[Black "ljm509"]
[Result "1-0"]
[WhiteElo "2436"]
[BlackElo "2245"]
[TimeControl "180+1"]
[EndTime "9:29:40 PDT"]
[Termination "Mmukka won on time"]

1. e4 e6 2. d4 d5 3. Nc3 dxe4 4.
Nxe4 Nd7 5. Nf3 Ngf6 6. Ng3 Be7 7. Bd3 c5 8. c3 h6 9. O-O O-O 10. Re1 Qc7 11. Qe2 a6 12. Ne5 b5 13. dxc5 Nxc5 14.
Bc2 Bb7 15. Nh5 Nxh5 16. Qxh5 Nd7 17. Bf4 Nxe5 18. Bxe5 Bd6 19. Bxd6 Qxd6 20. Rad1 Qf4 21.
Rd4 Qg5 22. Qxg5 hxg5 23. Rd7 Bd5 24. a3 Rfd8 25. Rxd8+ Rxd8 26. Rd1 Rd7 27. a4 Kf8 28. Rd4 Ke7 29. f3 Kd6 30. axb5 axb5 31. Bd3 Kc5 32. b4+ Kc6 33. Rg4 f6 34. h4 gxh4 35.
Rxh4 e5 36. Bf5 Rc7 37. Rh8 Kb6 38. Rh7 Rxc3 39. Rxg7 Rc6 40. Rg6 Rd6 41. Kf2 Kc6 42. Ke3 Bc4 43. Be4+ Bd5 44. Bd3 Bc4 45. Be4+ Bd5 46.
Bf5 Bc4 47. g4 Kd5 48. Be4+ Ke6 49. Rg7 Ra6 50. Bf5+ Kd6 51. Rd7+ Kc6 52. Kf2 Ra4 53. Rd8 Rxb4 54. Rf8 Rb2+ 55. Kg3 Kc5 56. Rxf6 b4 57. Be4 Kd4 58. g5 Rb1 59. Kf2 Rh1 60. Kg2 Rh8 61. g6 Rg8 62. Rb6 b3 63. Rb7 Kc3 64. Kf2 Kd4 65. Rd7+ Kc3 66. Rb7 Kd4 67.
Rc7 Kc3 68. Bd5 Rxg6 69. Rxc4+ Kb2 70. Rb4 Rd6 71. Rxb3+ Kc2 72. Rb5 Kc3 73. Be4 Kd4 74. Rb4+ Kc5 75. Rb2 Rd4 76. Rc2+ Kd6 77. Kg3 Rb4 78.
Ra2 Rb2 79. Ra6+ Kc5 80. Kg4 Kd4 81. Rd6+ Ke3 82. Kf5 Rb5 83. Re6 Kd4 84. Re8 Ra5 85. Rd8+ Ke3 86. Ke6 Kf4 87. Rf8+ Ke3 88. Rf5 Kd4 89. Rf8 Ke3 90. Bd5 Kd4 91. Rd8 Ra6+ 92. Rd6 Ra1 93. Be4+ Ke3 94. Kxe5 1-0

[Event "Early-Titled-Tuesday-Blitz-August-29-2023"]
[Site "Chess.com"]
[Date "2023.08.29"]
[Round "8"]
[White "Eternauta2400"]
[Black "FARIZA2018"]
[Result "1-0"]
[WhiteElo "2800"]
[BlackElo "2535"]
[TimeControl "180+1"]
[EndTime "9:29:49 PDT"]
[Termination "Eternauta2400 won by resignation"]

1. c4 e6 2. g3 d5 3. Bg2 Nf6 4. Nf3 dxc4 5. Qa4+ Nbd7 6. Qxc4 a6 7. Qc2 c5 8. Nc3 Be7 9. O-O O-O 10. d4 Rb8 11.
Bf4 Ra8 12. Rfd1 c4 13. Ne5 Nb6 14. e4 Bd7 15. d5 exd5 16. exd5 Bc5 17. d6 Rb8 18.
Ne4 Nxe4 19. Bxe4 h6 20. Nxc4 Nxc4 21. Qxc4 Qb6 22. Rd2 Rfc8 23. Qb3 Qxb3 24. axb3 Bb4 25. Rdd1 a5 26. Rac1 Re8 27. Bf3 b5 28. Rc7 Rbd8 29. Rxd7 Rxd7 30. Bc6 Red8 31. Bxd7 Rxd7 32. Rd5 f6 33.
Rxb5 g5 34. Be3 Rxd6 35. Bb6 Rd2 36. Bxa5 Bxa5 37. Rxa5 Rxb2 38. Rb5 Kf7 39. g4 Kg6 40. h3 h5 41. Kg2 h4 42. Rb6 Rb1 43. b4 Rb3 44. b5 Rb2 45. Rb8 Rb3 46. b6 Kg7 47. b7 Kh7 48. Kf1 Rb2 49. Ke1 Kg7 50. Kd1 Rb3 51.
Kd2 Rb6 52. Kc3 Rb1 53. Kd4 Rd1+ 54. Kc5 Rc1+ 55. Kd6 Rd1+ 56. Ke6 Re1+ 57. Kd5 Rd1+ 58. Ke4 Re1+ 59. Kf3 Rb1 60. Ke3 Re1+ 61. Kd4 Rd1+ 62. Kc3 Rb1 63. f3 Kh7 64. Kd4 Kg7 65. Kc4 Rc1+ 66. Kd3 Rb1 67. Ke3 Re1+ 68. Kf2 Rb1 69. Ke2 Kh7 70. Rf8 Rxb7 71. Rxf6 Kg7 72. Rf5 Kg6 73. f4 gxf4 74. Rxf4 Rb3 75. Rf3 Rb2+ 76. Ke3 Rb3+ 77. Ke4 Rb4+ 78. Kd5 Rb5+ 79. Kc6 Rb2 80. Rc3 Kg5 81. Rf3 Rd2 82. Rf5+ Kg6 83. Rh5 Rc2+ 84. Kd5 Rc3 85. Rxh4 Rd3+ 86. Ke4 Rd8 87. Kf4 Rf8+ 88. Kg3 Kg5 89. Rh5+ Kg6 90. Ra5 Rd8 91. Ra3 Rd4 92.
h4 Rb4 93. h5+ Kg5 94. Ra5+ Kh6 95. Kh4 Rc4 96. Ra6+ Kg7 97. Rd6 Rb4 98. Rd5 Rc4 99. Kg5 Rc7 100. Ra5 Rb7 101. Kf5 Rf7+ 102. Kg5 Rb7 103. h6+ Kh7 104. Kh5 Rb6 105. g5 Rb7 106. g6+ 1-0

[Event "Early-Titled-Tuesday-Blitz-August-29-2023"]
[Site "Chess.com"]
[Date "2023.08.29"]
[Round "9"]
[White "Zhani-Z"]
[Black "viktorgen2021"]
[Result "0-1"]
[WhiteElo "2324"]
[BlackElo "2441"]
[TimeControl "180+1"]
[EndTime "9:37:19 PDT"]
[Termination "viktorgen2021 won by resignation"]

1. e4 g6 2. Nc3 Bg7 3. g3 d6 4. Bg2 Nf6 5. Nge2 O-O 6. d3 c6 7. h3 e5 8. Be3 b5 9. Qd2 Nbd7 10. h4 h5 11. O-O-O Qa5 12. Kb1 b4 0-1

[Event "Early-Titled-Tuesday-Blitz-August-29-2023"]
[Site "Chess.com"]
[Date "2023.08.29"]
[Round "9"]
[White "realburq"]
[Black "Gyulamiryan-koryun"]
[Result "1-0"]
[WhiteElo "2390"]
[BlackElo "2069"]
[TimeControl "180+1"]
[EndTime "9:38:33 PDT"]
[Termination "realburq won by checkmate"]

1. e4 c5 2. c3 Nf6 3. e5 Nd5 4. Nf3 d6 5. Bb5+ Bd7 6. Bc4 Nb6 7. Bxf7+ Kxf7 8. e6+ Bxe6 9. Ng5+ Kf6 10. Qf3+ Kxg5 11. h4+ Kh6 12. Qf4+ g5 13. Qxg5# 1-0

[Event "Early-Titled-Tuesday-Blitz-August-29-2023"]
[Site "Chess.com"]
[Date "2023.08.29"]
[Round "9"]
[White "crazy_m_attack"]
[Black "Jackalhead_Anubis"]
[Result "1-0"]
[WhiteElo "2345"]
[BlackElo "2420"]
[TimeControl "180+1"]
[EndTime "9:38:40 PDT"]
[Termination "crazy_m_attack won by resignation"]

1. e4 c5 2. Nf3 d6 3. d4 cxd4 4. Nxd4 Nf6 5. Nc3 a6 6. Be2 e5 7. Nf3 Be7 8. Bg5 Nbd7 9. a4 O-O 10. O-O h6 11. Be3 b6 12. Nd2 Bb7 13. Nc4 Rc8 14. Nxd6 Bxd6 15. Qxd6 Nxe4 16. Nxe4 Bxe4 17. Rfd1 Rxc2 18.
Bxa6 Nb8 19. Qxd8 1-0

[Event "Early-Titled-Tuesday-Blitz-August-29-2023"]
[Site "Chess.com"]
[Date "2023.08.29"]
[Round "9"]
[White "Caisachess"]
[Black "ural58"]
[Result "0-1"]
[WhiteElo "2339"]
[BlackElo "2516"]
[TimeControl "180+1"]
[EndTime "9:38:48 PDT"]
[Termination "ural58 won by resignation"]

1. e4 d5 2. exd5 Qxd5 3. d4 Nc6 4. Be3 e5 5. c4 Qa5+ 6. Bd2 Bb4 7. d5 Nd4 8. Nf3 Bxd2+ 9. Nbxd2 Bf5 10. Nxd4 exd4 11. Qe2+ Kf8 12. Kd1 Re8 13. Qf3 Nh6 14. Bd3 Bg4 0-1

[Event "Early-Titled-Tuesday-Blitz-August-29-2023"]
[Site "Chess.com"]
[Date "2023.08.29"]
[Round "9"]
[White "Irina_Barchuk"]
[Black "Herman-NY"]
[Result "1-0"]
[WhiteElo "2372"]
[BlackElo "2434"]
[TimeControl "180+1"]
[EndTime "9:38:52 PDT"]
[Termination "Irina_Barchuk won by resignation"]

1. d4 Nf6 2. Bf4 g6 3. Nc3 d5 4. Qd2 h6 5. O-O-O c6 6. Nf3 b5 7. Ne5 Qa5 8. a3 e6 9. f3 a6 10. Kb1 Bb7 11. Nxd5 1-0

[Event "Early-Titled-Tuesday-Blitz-August-29-2023"]
[Site "Chess.com"]
[Date "2023.08.29"]
[Round "9"]
[White "CFalcons8"]
[Black "Yuruultei"]
[Result "1-0"]
[WhiteElo "2247"]
[BlackElo "2368"]
[TimeControl "180+1"]
[EndTime "9:39:00 PDT"]
[Termination "CFalcons8 won by checkmate"]

1. e4 c5 2. Nf3 e6 3. d4 cxd4 4. Nxd4 Nc6 5. Nc3 Qc7 6. a3 a6 7.
Be3 Nf6 8. Be2 d6 9. O-O Be7 10.
f4 O-O 11. Bf3 Nxd4 12. Qxd4 e5 13. Qd2 b5 14. f5 Bb7 15. g4 Nd7 16. g5 f6 17. g6 h6 18. Bxh6 Rfc8 19. Nd5 Bxd5 20. Qxd5+ Kh8 21. Bxg7+ Kxg7 22. Qf7+ Kh6 23. Qh7+ Kg5 24.
Qh5+ Kf4 25. Qh6# 1-0

[Event "Early-Titled-Tuesday-Blitz-August-29-2023"]
[Site "Chess.com"]
[Date "2023.08.29"]
[Round "9"]
[White "Rsnr"]
[Black "Sl4werThanYou"]
[Result "0-1"]
[WhiteElo "2883"]
[BlackElo "2750"]
[TimeControl "180+1"]
[EndTime "9:39:22 PDT"]
[Termination "Sl4werThanYou won by resignation"]

1. d4 Nf6 2. c4 e6 3. Nf3 d5 4. g3 Be7 5. Bg2 O-O 6. O-O a5 7. Qc2 Nc6 8. a3 dxc4 9. Qxc4 a4 10. Bd2 Bd7 11. Rd1 Na5 12. Bxa5 Rxa5 13. Nc3 c5 14. Ne5 Qc8 15. Nxd7 Qxd7 16. dxc5 Qc7 17. Nxa4 b5 18. Qb4 bxa4 19. Qb5 Rxb5 0-1

[Event "Early-Titled-Tuesday-Blitz-August-29-2023"]
[Site "Chess.com"]
[Date "2023.08.29"]
[Round "9"]
[White "kidagent"]
[Black "Mikhail_Golubev"]
[Result "0-1"]
[WhiteElo "2275"]
[BlackElo "2545"]
[TimeControl "180+1"]
[EndTime "9:39:26 PDT"]
[Termination "Mikhail_Golubev won by resignation"]

1. e4 c5 2. Nf3 d6 3. d4 cxd4 4. Nxd4 Nf6 5. Nc3 g6 6. Bc4 Bg7 7. Be3 O-O 8. f3 Nc6 9. Qd2 Nxd4 10. Bxd4 Be6 11. Bxe6 fxe6 12. O-O-O Qa5 13. Kb1 Nd7 14.
Bxg7 Kxg7 15. h4 h5 16. g4 Rxf3 17. gxh5 Qxh5 18. Rdg1 Raf8 19. a3 Ne5 20. Ne2 Rf2 21.
Re1 Nf3 22. Qc3+ Qe5 0-1

[Event "Early-Titled-Tuesday-Blitz-August-29-2023"]
[Site "Chess.com"]
[Date "2023.08.29"]
[Round "9"]
[White "rochaaaaaaaaaa"]
[Black "Fleetw00dMac"]
[Result "0-1"]
[WhiteElo "2232"]
[BlackElo "2421"]
[TimeControl "180+1"]
[EndTime "9:39:44 PDT"]
[Termination "Fleetw00dMac won by resignation"]

1. e4 e5 2. Nf3 Nc6 3. Bc4 Bc5 4. O-O Nf6 5. d3 a6 6. a4 O-O 7. Nbd2 d5 8. exd5 Nxd5 9. Re1 Re8 10. h3 Bf5 11.
Ne4 Ba7 12. Ng3 Be6 13. Ng5 Qf6 14. N3e4 Qg6 15. Nxe6 fxe6 16. Qg4 Qxg4 17. hxg4 Rf8 18. Bd2 Rae8 19. g3 Nd4 0-1

[Event "Early-Titled-Tuesday-Blitz-August-29-2023"]
[Site "Chess.com"]
[Date "2023.08.29"]
[Round "9"]
[White "falzehope0"]
[Black "madmax011"]
[Result "0-1"]
[WhiteElo "2409"]
[BlackElo "2307"]
[TimeControl "180+1"]
[EndTime "9:39:57 PDT"]
[Termination "madmax011 won by resignation"]

1. d4 Nf6 2. e3 d5 3. Bd3 Bg4 4.
Ne2 e6 5. O-O c5 6. c3 Nc6 7. f4 Be7 8. Nd2 O-O 9. Nf3 Ne4 10. Ne5 Bh5 11. Qc2 f5 12. Nxc6 bxc6 13. Bxe4 fxe4 14. dxc5 Bxc5 15. Nd4 Qd6 16. Bd2 e5 17. fxe5 Qxe5 18. Nxc6 Qg5 19. c4 Bxe3+ 20. Bxe3 Qxe3+ 21. Kh1 dxc4 22. Qxc4+ Kh8 23. Qc5 Qxc5 0-1

[Event "Early-Titled-Tuesday-Blitz-August-29-2023"]
[Site "Chess.com"]
[Date "2023.08.29"]
[Round "9"]
[White "Flaccidmoves"]
[Black "DrDreBeats"]
[Result "0-1"]
[WhiteElo "2488"]
[BlackElo "2618"]
[TimeControl "180+1"]
[EndTime "9:40:12 PDT"]
[Termination "DrDreBeats won by resignation"]

1. c4 Nf6 2. Nc3 g6 3. e4 Bg7 4. d4 O-O 5. Nf3 d6 6. h3 e5 7. d5 Nfd7 8. g4 a5 9. Be3 f5 10. gxf5 gxf5 11. exf5 Nc5 12. Bxc5 dxc5 13. Bd3 Bxf5 14.
Bxf5 Rxf5 15. Ne4 Rf4 16. Nfd2 Nd7 17. Qe2 a4 18. Rg1 Kh8 19. O-O-O a3 20. b3 b6 21. Rg4 Nf6 22. Nxf6 Qxf6 23. Ne4 Qh6 24. Kb1 Qxh3 25.
Rxg7 Kxg7 26. Ng5 Qf5+ 0-1

[Event "Early-Titled-Tuesday-Blitz-August-29-2023"]
[Site "Chess.com"]
[Date "2023.08.29"]
[Round "9"]
[White "pedromartinez91"]
[Black "amanjazu"]
[Result "1-0"]
[WhiteElo "2452"]
[BlackElo "2331"]
[TimeControl "180+1"]
[EndTime "9:40:21 PDT"]
[Termination "pedromartinez91 won by resignation"]

1. e4 d5 2. exd5 Nf6 3. d4 Bg4 4. Be2 Bxe2 5. Qxe2 Qxd5 6. Nf3 e6 7. O-O c6 8. c4 Qh5 9. Bf4 Nbd7 10. Nc3 Be7 11.
Rad1 Qg4 12. Bg3 O-O 13. d5 cxd5 14. cxd5 Bb4 15. dxe6 Qxe6 16. Qxe6 fxe6 17. Nb5 Rfc8 18. Nc7 Rab8 19. Nxe6 Ra8 20. Nc7 Rab8 21. Nd5 Nxd5 22. Bxb8 N5f6 23. Bxa7 Ra8 24. Bd4 Rxa2 25. Ra1 Rxa1 26.
Rxa1 Kf8 27. Ne5 Nxe5 28. Bxe5 Nd7 29. Bc3 Bc5 30. Rd1 Nb6 31. Rd8+ Ke7 32. Rb8 1-0